 Dungeon Crawl Stone Soup version 0.23.2 (webtiles) character file.

Game seed: 6964553371770830706

161 Kairos the Charmwright (level 4, -5/37 HPs)
             Began as a Demigod Skald on Apr 11, 2019.
             Killed by divine providence
             ... invoked by an orc priest
              (10 damage)
             ... on level 3 of the Dungeon.
             The game lasted 00:03:22 (2919 turns).

Kairos the Charmwright (Demigod Skald)              Turns: 2919, Time: 00:03:23

Health: -5/37      AC:  5    Str: 16    XL:     4   Next: 98%
Magic:  7/9        EV: 12    Int: 17    God:
Gold:   168        SH:  0    Dex: 15    Spells: 6/7 levels left

rFire    . . .     SeeInvis .   g - +1 spear (venom)
rCold    . . .     Gourm    .   (no shield)
rNeg     . . .     Faith    .   b - +0 leather armour
rPois    .         Spirit   .   (no helmet)
rElec    .         Reflect  .   m - +0 cloak
rCorr    .         Harm     .   (no gloves)
MR       .....                  q - +0 pair of boots
Stlth    +.........             (no amulet)
HPRegen  0.12/turn              e - +2 ring of slaying
MPRegen  0.11/turn              n - ring of flight

@: infused
A: high mp 1
a: Evoke Flight


You were on level 3 of the Dungeon.
You were not hungry.

You visited 1 branch of the dungeon, and saw 3 of its levels.

You collected 168 gold pieces.

Inventory:

Hand Weapons
 a - a +0 spear
 g - a +1 spear of venom (weapon)
 p - a +0 trident
Armour
 b - a +0 leather armour (worn)
 m - a +0 cloak (worn)
 q - a +0 pair of boots (worn)
Jewellery
 e - a +2 ring of slaying (left hand)
 n - a ring of flight (right hand)
Scrolls
 c - 2 scrolls of enchant armour {unknown}
 f - a scroll of teleportation {unknown}
 h - a scroll of immolation {unknown}
 j - 2 scrolls of blinking {unknown}
 k - a scroll of random uselessness {unknown}
 r - 2 scrolls of fear {unknown}
 s - a scroll of identify
Potions
 i - 2 potions of flight
 l - a potion of lignification
Comestibles
 d - 7 rations


   Skills:
 + Level 2.3 Fighting
 + Level 3.1 Polearms
 + Level 1.8 Armour
 + Level 2.4 Dodging
 + Level 0.2 Stealth
 + Level 2.0 Spellcasting
 + Level 3.3 Charms


You had 6 spell levels left.
You knew the following spells:

 Your Spells              Type           Power        Failure   Level  Hunger
a - Infusion              Chrm           ##..         6%          1    #......

Your spell library contained the following spells:

 Spells                   Type           Power        Failure   Level  Hunger
 Song of Slaying          Chrm           ##......     9%          2    ###....
 Shroud of Golubria       Chrm/Tloc      #.........   19%         2    ###....
 Regeneration             Chrm/Necr      #.........   34%         3    ###....
 Spectral Weapon          Hex/Chrm       #.......     34%         3    ###....


Dungeon Overview and Level Annotations

Branches:
Dungeon (3/15)


Innate Abilities, Weirdness & Mutations

You have an increased reservoir of magic. (+10% MP)


Message History

You kill the orc!
The hobgoblin closely misses you.
You hit the hobgoblin.
You kill the hobgoblin!
The orc priest invokes the aid of Beogh against you.
Beogh smites you!
* * * LOW HITPOINT WARNING * * *
You are too injured to fight recklessly!
Unknown command.
You are too injured to fight recklessly!
You are too injured to fight recklessly!
Unknown command.
The orc priest miscasts a cantrip.
You see here a mace.
The orc priest mumbles some strange prayers to Beogh against you.
Beogh smites you!
* * * LOW HITPOINT WARNING * * *
The orc priest invokes the aid of Beogh against you.
Beogh smites you!
You die...

#.#....#######......##...
#......#.....'......##...
####...#[#####......##...
###########...#....##......#####
..............#....##......#
########)...........#......#
##.#####.....###'#### #)#
#.....# #.# #.# #@....###.# #<#
#o........# ### #.######### #o#
#o# #.# ## ####.#### #.
##....o..# #. #.........†# #.


You could see an orc priest and 3 orcs.

Vanquished Creatures
  Crazy Yiuf (D:2)
  5 adders
  A gnoll (D:1)
  A dart slug (D:1)
  2 worms (D:2)
  2 leopard geckos
  An orc (D:3)
  3 bats
  A giant cockroach (D:1)
  9 goblins
  15 hobgoblins
  6 jackals
  5 kobolds
  2 quokkas
  4 frilled lizards
  7 rats
65 creatures vanquished.

Notes
Turn   | Place    | Note
-------+----------+-------------------------------------------
     0 | D:1      | Kairos the Demigod Skald began the quest for the Orb.
     0 | D:1      | Reached XP level 1. HP: 17/17 MP: 5/5
   474 | D:1      | Reached XP level 2. HP: 24/24 MP: 7/7
   517 | D:1      | Reached skill level 1 in Armour
   909 | D:1      | Reached XP level 3. HP: 29/29 MP: 8/8
  1912 | D:2      | Reached XP level 4. HP: 36/36 MP: 9/9
  2201 | D:2      | Found a runed translucent door.
  2202 | D:2      | Noticed Crazy Yiuf
  2389 | D:2      | Killed Crazy Yiuf
  2596 | D:3      | Found a bloodstained altar of Trog.
  2919 | D:3      | Killed from afar by an orc priest

Skill      XL: |  1  2  3  4 |
---------------+-------------+-----
Charms         | 3 |  3.3
Armour         | 1 |  1.8
Spellcasting   | 2 |  2.0
Polearms       | 2 3 |  3.1
Fighting       | 2 |  2.3
Dodging        | 2 |  2.4
Stealth        | |  0.2

Action                   |  1- 3 |  4- 6 || total
-------------------------+-------+-------++-------
Melee: Spear             |   117 |    70 ||   187
 Cast: Infusion          |       |     1 ||     1
  Use: Scroll            |     2 |       ||     2
       Potion            |       |     1 ||     1
 Stab: Invisible         |       |     2 ||     2
       Sleeping          |       |     2 ||     2
  Eat: Chunk             |     3 |     3 ||     6
Armor: Leather armour    |    20 |    22 ||    42
Dodge: Dodged            |    45 |    29 ||    74
